 Dungeon Crawl Stone Soup version 0.24.0-2-g5b39cebb1c (webtiles) character file.

Game seed: 17061315236426248165, levelgen mode: deterministic

697 Mrkan the Chopper (level 7, -7/61 HPs)
             Began as a Minotaur Fighter on Oct 30, 2019.
             Was an Initiate of Gozag.
             Mangled by an orange demon (10 damage)
             ... created by the fury of Makhleb
             ... on level 5 of the Dungeon.
             The game lasted 00:06:36 (4364 turns).

Mrkan the Chopper (Minotaur Fighter)                Turns: 4364, Time: 00:06:37

Health: -7/61      AC:  8    Str: 21    XL:     7   Next: 38%
Magic:  6/6        EV:  7    Int:  5    God:    Gozag
Gold:   218        SH: 11    Dex: 11    Spells: 6/6 levels left

rFire    . . .     SeeInvis .   a - +1 war axe
rCold    . . .     Gourm    .   c - +1 shield
rNeg     . . .     Faith    .   b - +0 scale mail
rPois    .         Spirit   .   (helmet restricted)
rElec    .         Reflect  .   (no cloak)
rCorr    .         Harm     .   s - +0 pair of gloves
MR       .....                  (no boots)
Stlth    ..........             (no amulet)
HPRegen  0.20/turn              (no ring)
MPRegen  0.10/turn              (no ring)

@: lethally poisoned (-7 -> -15)
A: retaliatory headbutt, horns 2
a: Potion Petition, Call Merchant, Bribe Branch, Renounce Religion


You were on level 5 of the Dungeon.
You worshipped Gozag.
Gozag was aware of your devotion.
You were not hungry.

You visited 2 branches of the dungeon, and saw 6 of its levels.

You collected 302 gold pieces.
You paid 84 gold pieces to Gozag.

Inventory:

Hand Weapons
 a - a +1 war axe (weapon)
Armour
 b - a +0 scale mail (worn)
 c - a +1 shield (worn)
 s - a +0 pair of gloves (worn)
Jewellery
 d - an uncursed ring of positive energy {unknown}
 l - an uncursed ring of flight {unknown}
 t - an uncursed amulet of harm {unknown}
 x - an uncursed amulet of regeneration {unknown}
Scrolls
 e - a scroll of immolation {unknown}
 h - 7 scrolls of identify
 i - a scroll of remove curse
 k - 2 scrolls of teleportation
 o - 2 scrolls of enchant armour
 v - a scroll of enchant weapon
Potions
 g - a potion of lignification
 j - a potion of haste
 m - 2 potions of brilliance {unknown}
 n - 2 potions of curing
 q - a potion of resistance
 r - a potion of ambrosia
 u - 3 potions of flight
 w - a potion of mutation {unknown}
 z - 2 potions of degeneration {unknown}
 A - a potion of heal wounds {unknown}
Comestibles
 f - 11 rations


   Skills:
 + Level 5.6 Fighting
 * Level 6.5 Axes
 + Level 5.6 Armour
 + Level 5.7 Shields


You had 6 spell levels left.
You didn't know any spells.
Your spell library was empty.

Dungeon Overview and Level Annotations

Branches:
Dungeon (5/15)             Temple (1/1) D:4

Altars:
Cheibriados
Dithmenos
Elyvilon
Gozag
Hepliaklqana
Kikubaaqudgha
Makhleb
Nemelex Xobeh
Okawaru
Uskayaw
Wu Jian
Xom
Zin
The Shining One


Innate Abilities, Weirdness & Mutations

You reflexively headbutt those who attack you in melee.
You have a pair of horns on your head.


Message History

Unknown command.
Unknown command.
Unknown command.
Unknown command.
You barely miss the orange demon.
The orange demon is heavily wounded.
* * * LOW HITPOINT WARNING * * *
You feel sick. The orange demon barely misses you.
You block the orange demon's attack.
You slash the orange demon! You headbutt the orange demon!
The orange demon is almost dead.
* * * LOW HITPOINT WARNING * * *
You feel sick. You block the orange demon's attack.
The orange demon hits you but does no damage.
You hit the orange demon.
The orange demon is almost dead.
* * * LOW HITPOINT WARNING * * *
You feel sick. The orange demon stings you!
You die...
Your body crumbles into a pile of gold.

#.#.....o.###
...#....#### #####
.......... #....
...###.#### #....
#. #... .# #.... #
#.#. .# #.# #....
#.##...#.#
#.####....
..$......#
#.#.......
......4@#
#.#.######
.######.# #.#.#
#....#.# #.#.#
#.##.#.#######.#.#
#.##.#.#.........#
#.##.#.##.####.###
#.##.#.##.# #.#
#.##.#.##.# #.#
#.##......# #.#


You could see an orange demon.

Vanquished Creatures
  A sky beast (D:5)
  An ogre (D:5)
  A scorpion (D:5)
  An oklob sapling (D:4)
  A centaur zombie (D:5)
  A jelly (D:5)
  2 orc wizards
  A centaur skeleton (D:4)
  An iguana (D:4)
  4 worker ants
  A hound skeleton (D:4)
  4 gnolls (D:5)
  4 adders
  An ooze (D:3)
  A worm (D:2)
  2 dart slugs (D:1)
  6 leopard geckos
  6 orcs
  4 giant cockroaches
  3 goblins
  2 hobgoblins (D:2)
  6 jackals
  3 kobolds (D:2)
  2 quokkas (D:2)
  4 ball pythons
  5 bats
  2 frilled lizards
  A leopard gecko skeleton (D:4)
  5 rats
  2 plants (D:4)
78 creatures vanquished.

Notes
Turn   | Place    | Note
-------+----------+-------------------------------------------
     0 | D:1      | Mrkan the Minotaur Fighter began the quest for the Orb.
     0 | D:1      | Reached XP level 1. HP: 19/19 MP: 0/0
   223 | D:1      | Reached XP level 2. HP: 21/27 MP: 1/1
   251 | D:1      | Reached skill level 3 in Axes
   712 | D:2      | Reached XP level 3. HP: 30/33 MP: 2/2
  1571 | D:3      | Reached XP level 4. HP: 26/40 MP: 3/3
  1590 | D:3      | Reached skill level 4 in Axes
  2809 | D:4      | Reached XP level 5. HP: 37/47 MP: 4/4
  2902 | D:4      | Found a staircase to the Ecumenical Temple.
  3205 | D:4      | Reached skill level 5 in Axes
  3210 | Temple   | Entered the Ecumenical Temple
  3247 | Temple   | Became a worshipper of Makhleb the Destroyer
  3314 | D:5      | Entered Level 5 of the Dungeon
  3354 | D:5      | Reached XP level 6. HP: 17/55 MP: 5/5
  3610 | D:5      | Found a sparkling altar of Nemelex Xobeh.
  3613 | D:5      | Reached skill level 5 in Fighting
  3613 | D:5      | Reached skill level 5 in Armour
  3613 | D:5      | Reached skill level 5 in Shields
  4133 | D:5      | Reached skill level 6 in Axes
  4137 | D:5      | Reached XP level 7. HP: 48/61 MP: 6/6
  4224 | D:5      | Found an opulent altar of Gozag.
  4234 | D:5      | Fell from the grace of Makhleb
  4234 | D:5      | Became a worshipper of Gozag Ym Sagoz the Greedy
  4355 | D:5      | Noticed an orange demon
  4364 | D:5      | HP: 3/61 [poisoned by an orange demon]
  4364 | D:5      | Mangled by an orange demon

Levels and vault maps discovered:
D:1:      dpeg_arrival_refuge, layout_basic
D:2:      layout_loops_ring, grunt_ministairs_2
D:3:      layout_loops_corners, serial_rivers, chequers_serial_rivers_micro_a,
          chequers_serial_rivers_micro_a, chequers_serial_rivers_small_3,
          chequers_serial_rivers_small_3, chequers_serial_rivers_small_b,
          first_ration, serial_park_tiny_1
D:4:      layout_cave_pools, minmay_temple_entry_oklob
D:5:      layout_basic, lemuel_crystal_altar, old_standard_altar,
          uniq_prince_ribbit1
Temple:   minmay_temple_bridge_abc

Skill      XL: |  1  2  3  4  5  6 |
---------------+-------------------+-----
Axes           | 3 4 5 6 |  6.5
Fighting       | 4 5 |  5.6
Shields        | 4 5 |  5.7
Armour         | 4 5 |  5.6

Action                   |  1- 3 |  4- 6 |  7- 9 || total
-------------------------+-------+-------+-------++-------
Melee: War axe           |    97 |   113 |    25 ||   235
       Headbutt          |    11 |    27 |     5 ||    43
  Use: Scroll            |       |    12 |       ||    12
       Potion            |       |     1 |       ||     1
  Eat: Chunk             |     2 |     4 |     2 ||     8
       Ration            |       |     1 |       ||     1
Armor: Scale mail        |    49 |    40 |    11 ||   100
Dodge: Dodged            |    29 |    25 |     5 ||    59
Block: Shield            |    59 |    56 |    12 ||   127
